 Dungeon Crawl Stone Soup version 0.23.0-3-gf3c87f2 (webtiles) character file.

Game seed: 6677244974574650144

63 Madoushi the Firebug (level 3, -6/27 HPs)
             Began as a Draconian Fire Elementalist on Feb 22, 2019.
             Shot with an arrow by a centaur (13 damage)
             ... on level 2 of the Dungeon.
             The game lasted 00:03:38 (1729 turns).

Madoushi the Firebug (Draconian Fire Elementalist)  Turns: 1729, Time: 00:03:38

Health: -6/27      AC:  5    Str: 10    XL:     3   Next: 87%
Magic:  6/6        EV: 12    Int: 16    God:
Gold:   63         SH:  0    Dex: 11    Spells: 5/6 levels left

rFire    . . .     SeeInvis .   a - +2 mace (holy)
rCold    . . .     Gourm    .   (no shield)
rNeg     . . .     Faith    .   (armour unavailable)
rPois    .         Spirit   .   (helmet restricted)
rElec    .         Reflect  .   (no cloak)
rCorr    .         Harm     .   (no gloves)
MR       .....                  (no boots)
Stlth    ++........             (no amulet)
HPRegen  0.09/turn              (no ring)
MPRegen  0.10/turn              (no ring)

@: no status effects
A: unfitting armour, cold-blooded, AC +5
a: no special abilities


You were on level 2 of the Dungeon.
You were hungry.

You visited 1 branch of the dungeon, and saw 2 of its levels.

You collected 63 gold pieces.

Inventory:

Hand Weapons
 a - a +2 mace of holy wrath (weapon)
Missiles
 k - 2 tomahawks (quivered)
Jewellery
 c - an uncursed ring of fire {unknown}
Scrolls
 f - a scroll of amnesia {unknown}
 g - 2 scrolls of remove curse {unknown}
 h - 2 scrolls of fear {unknown}
 i - 2 scrolls of teleportation {unknown}
 j - a scroll of identify {unknown}
 l - 2 scrolls of enchant armour {unknown}
Potions
 d - a potion of brilliance {unknown}
 e - a potion of curing {unknown}
Comestibles
 b - 5 rations


   Skills:
 + Level 0.5 Fighting
 + Level 1.5 Maces & Flails
 + Level 2.1 Dodging
 + Level 2.2 Stealth
 + Level 2.3 Spellcasting
 + Level 1.0 Conjurations
 + Level 3.6 Fire Magic


You had 5 spell levels left.
You knew the following spells:

 Your Spells              Type           Power        Failure   Level  Hunger
a - Flame Tongue          Conj/Fire      #....        8%          1    #......

Your spell library contained the following spells:

 Spells                   Type           Power        Failure   Level  Hunger
 Throw Flame              Conj/Fire      #.....       12%         2    ###....
 Conjure Flame            Conj/Fire      #.......     22%         3    ###....
 Inner Flame              Hex/Fire       #.......     28%         3    ###....
 Sticky Flame             Conj/Fire      #.......     58%         4    #####..
 Fireball                 Conj/Fire      #.........   91%         5    ######.


Dungeon Overview and Level Annotations

Branches:
Dungeon (2/15)

Altars:
Gozag


Innate Abilities, Weirdness & Mutations

Your plain brown scales are hard. (AC +5)
You cannot fit into any form of body armour.
You are cold-blooded and may be slowed by cold attacks.


Message History

You can't see any susceptible monsters within range! (Use Z to cast anyway.)
The centaur shouts!
The centaur wields a +0 shortbow.
The centaur shoots an arrow.
The arrow hits you!
You see here an arrow.
Casting: Flame Tongue (safe; 8% risk of failure)
Confirm with . or Enter, or press ? or * to list all spells.
You can't see any susceptible monsters within range! (Use Z to cast anyway.)
The centaur shoots an arrow.
The arrow hits you.
The centaur shoots an arrow.
The arrow hits you but does no damage.
The centaur shoots an arrow.
The arrow hits you!
* * * LOW HITPOINT WARNING * * *
You see here 2 arrows.
The centaur shoots an arrow.
The arrow barely misses you.
The centaur shoots an arrow.
The arrow hits you.
* * * LOW HITPOINT WARNING * * *
You see here an arrow.
The bat hits you but does no damage.
The centaur shoots an arrow.
The arrow hits you!
You die...

##.....# ##.....# ...
### ####.####### .. .^.
# #.# #....... ..# #
#.###.###.#.# #.#
#...........# #.# #
#####.###.#b#####.####.#
#.# #.#...........c##
#.# #....@...(.....<.
#.# ####.####.#######
#.# #.# #.#
#.######c####.#
#........(..c.#
########(######
#.#########.#
#...........#
#############


You could see a centaur and a bat.

Vanquished Creatures
  2 adders (D:2)
  An ooze (D:1)
  2 worms (D:2)
  A giant cockroach (D:1)
  7 goblins (D:1)
  2 hobgoblins
  4 bats
  5 frilled lizards
  7 kobolds (D:1)
  4 rats (D:1)
35 creatures vanquished.

Notes
Turn   | Place    | Note
-------+----------+-------------------------------------------
     0 | D:1      | Madoushi the Draconian Fire Elementalist began the quest
                  | for the Orb.
     0 | D:1      | Reached XP level 1. HP: 14/14 MP: 3/3
   161 | D:1      | Reached XP level 2. HP: 20/20 MP: 5/5
   908 | D:1      | Reached XP level 3. HP: 25/27 MP: 6/6
  1390 | D:2      | Reached skill level 1 in Maces & Flails
  1542 | D:2      | Found an opulent altar of Gozag.
  1683 | D:2      | Noticed a centaur
  1729 | D:2      | Shot with an arrow by a centaur

Skill      XL: |  1  2  3 |
---------------+----------+-----
Dodging        | 2 |  2.1
Maces & Flails | 1 |  1.5
Stealth        | 2 |  2.2
Fighting       | |  0.5
Spellcasting   | |  2.3
Conjurations   | |  1.0
Fire Magic     | |  3.6

Action                   || total
-------------------------++-------
Melee: Mace              ||   100
       Unarmed           ||     5
       Tailslap          ||     8
 Cast: Flame Tongue      ||     2
 Stab: Sleeping          ||     3
  Eat: Chunk             ||     2
Armor: Skin              ||    49
Dodge: Dodged            ||   105
